 Dungeon Crawl Stone Soup version 0.28-a0-461-g2dc4ca5097 (webtiles) character file.

Game seed: 11944949518388750820

705 heikuro the Slasher (level 7, -4/52 (56) HPs)
             Began as a Formicid Fighter on Sept 13, 2021.
             Was an Initiate of Hepliaklqana.
             Slain by a wight (15 damage)
             ... in the Ecumenical Temple.
             The game lasted 00:08:57 (5077 turns).

heikuro the Slasher (Formicid Fighter)              Turns: 5077, Time: 00:08:57

HP:   -4/52 (56)    AC:  9    Str: 22    XL:     7   Next: 99%
MP:   7/7           EV:  6    Int:  8    God:    Hepliaklqana [......]
Gold: 152           SH:  8    Dex: 10    Spells: 6/6 levels left

rFire   . . .      SeeInvis +   a - +0 long sword
rCold   . . .      Faith    .   n - +0 kite shield
rNeg    . . .      Spirit   .   k - +0 chain mail
rPois   .          Reflect  .   (helmet unavailable)
rElec   .          Harm     .   (no cloak)
rCorr   .          Rampage  .   (no gloves)
Will    .....                   (no boots)
Stlth   ..........              (no amulet)
HPRegen 0.17/turn               (no ring)
MPRegen 0.10/turn               (no ring)

@: drained
A: permanent stasis, dig shafts and tunnels, antennae 3, four strong arms
a: Dig, Renounce Religion


You were in the Ecumenical Temple.
You worshipped Hepliaklqana.
Hepliaklqana was noncommittal.
You visited 2 branches of the dungeon, and saw 6 of its levels.
You also visited: Sewer.

You collected 152 gold pieces.

Inventory:

Hand Weapons
 a - a +0 long sword (weapon)
Armour
 k - a +0 chain mail (worn)
 n - a +0 kite shield (worn)
Jewellery
 r - a +4 ring of evasion
Wands
 s - a wand of mindburst (8)
Scrolls
 i - 3 scrolls of teleportation {unknown}
 l - a scroll of immolation {unknown}
 o - a scroll of magic mapping {unknown}
 p - 2 scrolls of enchant weapon {unknown}
Potions
 b - 3 potions of mutation
 c - 2 potions of lignification
 d - a potion of brilliance {unknown}
 e - 2 potions of resistance
 f - a potion of attraction {unknown}
 g - a potion of curing {unknown}
 h - 3 potions of haste
 j - 2 potions of heal wounds {unknown}
 m - a potion of flight {unknown}
 q - a potion of cancellation {unknown}


   Skills:
 + Level 5.2 Fighting
 * Level 5.6 Long Blades
 + Level 5.2 Armour
 * Level 5.0 Shields
 + Level 0.7 Invocations
 + Level 0.5 Evocations


You had 6 spell levels left.
You didn't know any spells.
Your spell library contained the following spells:

 Spells                   Type           Power      Damage    Failure   Level
 Apportation              Tloc           0%         N/A       100%        1
 Corpse Rot               Necr/Air       N/A        N/A       100%        2
 Poisonous Vapours        Pois/Air       0%         N/A       100%        2
 Alistair's Intoxication  Tmut/Pois      0%         N/A       100%        5
 Invisibility             Hex            0%         N/A       100%        6


Dungeon Overview and Level Annotations

Branches:
Dungeon (5/15)             Temple (1/1) D:4           Sewer (visited)

Altars:
Ashenzari
Hepliaklqana
Kikubaaqudgha
Okawaru
Ru
Trog
Uskayaw
Vehumet
Xom
Yredelemnul
Zin
The Shining One

Shops:
D:4 *


Innate Abilities, Weirdness & Mutations

You cannot be hasted, slowed, berserked, paralysed or teleported.
You can dig through walls and to a lower floor.
You have a pair of large antennae on your head. (SInv)
Your four strong arms can wield two-handed weapons with a shield.


Message History

You enter the shallow water.
Moving in this stuff is going to be slow.
The howler monkey zombie splashes around in the water.
The howler monkey zombie hits you but does no damage.
You block the howler monkey zombie's attack.
The wight hits you but does no damage.
The howler monkey zombie splashes around in the water.
There is a staircase to the Ecumenical Temple here.
You climb downwards.
Welcome back to the Ecumenical Temple!
There is a staircase back to the Dungeon here.
Your shield prevents you from hitting the wight.
The wight hits you with a +3 flail. The wight hits you with a +3 flail!
You hit the wight.
The wight is lightly damaged.
The wight hits you with a +3 flail.
You closely miss the wight.
The wight is lightly damaged.
The wight closely misses you.
You barely miss the wight.
The wight is lightly damaged.
You block the wight's attack.
You closely miss the wight.
The wight is lightly damaged.
The wight completely misses you. The wight closely misses you.
A wight is nearby!
Your chain mail prevents you from hitting the wight.
The wight is lightly damaged.
You block the wight's attack.
You hit the wight but do no damage.
The wight is lightly damaged.
The wight hits you with a +3 flail!
You feel drained.
You hit the wight.
The wight is lightly damaged.
The wight hits you with a +3 flail!
You feel drained.
You hit the wight.
The wight is moderately damaged.
The wight hits you with a +3 flail.
* * * LOW HITPOINT WARNING * * *
The wight hits you with a +3 flail!
You die...

#.._..# ###'### #.._..#
#.....###.....###.....#
##...'#.........#'...##
#####...........#####
#.....###.....#
#######....#####....#######
##...##....#'...'#....##...##
#.....#...##.....##...#.....#
#.._..'...##..@z.##...'.._..#
#.....#...##.....##...#.....#
##...##....#+...'#....##...##
#######....#####....#######
#.....###.....#
#####...........#####
##...'#.........#'...##
#._...###.....###.....#
#.....# ###'### #.._..#


You could see a wight.

Vanquished Creatures
  Sigmund (D:2)
  A water moccasin (D:3)
  Purgy (Sewer)
  A howler monkey (D:2)
  2 jellies (D:4)
  An orc priest (D:4)
  An orc wizard (D:4)
  Robin (D:2)
  4 gnolls
  5 adders
  A howler monkey skeleton (D:2)
  An ufetubus (D:4)
  2 worms (D:2)
  7 orcs
  6 bats
  9 endoplasms
  2 giant cockroaches
  16 goblins
  5 hobgoblins
  7 kobolds
  2 quokkas
  4 ball pythons
  2 frilled lizards
  4 rats
86 creatures vanquished.

Notes
Turn   | Place    | Note
-------+----------+-------------------------------------------
     0 | D:1      | heikuro the Formicid Fighter began the quest for the Orb.
     0 | D:1      | Reached XP level 1. HP: 18/18 MP: 1/1
   215 | D:1      | Reached XP level 2. HP: 9/24 MP: 2/2
   922 | D:1      | Found a faded altar of an unknown god.
  1097 | D:1      | Reached XP level 3. HP: 13/29 MP: 3/3
  1841 | D:2      | Noticed Robin
  1878 | D:2      | Killed Robin
  1911 | D:2      | Reached XP level 4. HP: 18/37 MP: 4/4
  2164 | D:2      | Reached XP level 5. HP: 23/42 MP: 5/5
  2424 | D:2      | Found a hide-covered altar of Uskayaw.
  2453 | D:2      | Noticed Sigmund
  2473 | D:2      | Killed Sigmund
  2474 | D:2      | Reached XP level 6. HP: 19/49 MP: 6/6
  3149 | D:3      | Found a sacrificial altar of Ru.
  3302 | D:3      | Found a glowing drain.
  3307 | Sewer    | Entered a sewer
  3355 | Sewer    | Noticed Purgy
  3365 | Sewer    | Killed Purgy
  3366 | Sewer    | Reached skill level 5 in Long Blades
  3366 | Sewer    | Reached XP level 7. HP: 50/55 MP: 7/7
  3667 | D:3      | Reached skill level 5 in Armour
  4038 | D:4      | Noticed a water moccasin
  4066 | D:3      | Killed a water moccasin
  4067 | D:3      | Reached skill level 5 in Fighting
  4250 | D:4      | Found a staircase to the Ecumenical Temple.
  4285 | Temple   | Entered the Ecumenical Temple
  4420 | Temple   | Became a worshipper of Hepliaklqana the Forgotten
  4518 | D:4      | Found Ysafeho's Gadget Gallery.
  4771 | D:4      | Reached skill level 5 in Shields
  4860 | D:4      | Found a glowing silver altar of Zin.
  4880 | D:4      | You fall into a shaft and drop 1 floor!
  4880 | D:5      | Entered Level 5 of the Dungeon
  5077 | Temple   | Slain by a wight

Illustrated notes

Levels and vault maps discovered:
D:1:      dpeg_arrival_more_subterranean_lakeside_camping, layout_basic,
          shapermc_ecumenical_altar_starsandcircs, minmay_distorted
D:2:      layout_loops_ring, basic_altar, minmay_pentomino_x4, uniq_sigmund,
          uniq_robin
D:3:      layout_loops_ring, mainiacjoe_overflow_six_doors_small,
          portal_sewer_entry_e
D:4:      layout_basic, mainiacjoe_overflow_alcove_4, minmay_temple_entry_mist,
          nicolae_shop_gadgets
D:5:      layout_loops_corners, gammafunk_temple_overflow_wave
Temple:   nicolae_temple_figure_zero

Skill      XL: |  1  2  3  4  5  6  7 |
---------------+----------------------+-----
Long Blades    | 3 4 5 |  5.6
Fighting       | 4 5 |  5.2
Armour         | 4 5 |  5.2
Shields        | 4 5 |  5.0
Invocations    | |  0.7
Evocations     | |  0.5

Action                   |  1- 3 |  4- 6 |  7- 9 || total
-------------------------+-------+-------+-------++-------
Melee: Long sword        |   105 |   108 |    92 ||   305
 Abil: Dig               |       |       |     6 ||     6
  Use: Scroll            |     2 |       |     1 ||     3
       Potion            |       |     1 |       ||     1
Armor: Scale mail        |    17 |       |       ||    17
       Chain mail        |    34 |    85 |    44 ||   163
Dodge: Dodged            |    27 |    39 |    31 ||    97
Block: Buckler           |    15 |     7 |       ||    22
       Kite shield       |       |    29 |    50 ||    79

Table legend: (Time is in decaauts)
 A = Elapsed time spent in this place.
 B = Non-inter-level travel time spent in this place.
 C = Inter-level travel time spent in this place.
 D = Time resting spent in this place.
 E = Time spent auto-exploring this place.
 F = Levels seen in this place.
 G = Mean time per level.
                   A        B        C        D        E       F      G
               +--------+--------+--------+--------+--------+-----+--------+
         Total |   5182 |   4997 |    185 |    785 |   2761 |   7 |  740.3 |
       Dungeon |   4892 |   4713 |    179 |    785 |   2595 |   5 |  978.4 |
        Temple |    156 |    150 |      6 |      0 |    113 |   1 |  156.0 |
         Sewer |    134 |    134 |      0 |      0 |     53 |   1 |  134.0 |
               +--------+--------+--------+--------+--------+-----+--------+

Top non-repeatable levels by time:
     D:1: 1688 daAuts
     D:2: 1522 daAuts
     D:3: 818 daAuts
     D:4: 708 daAuts
  Temple: 156 daAuts
     D:5: 154 daAuts
   Sewer: 134 daAuts
